[Event "Early-Titled-Tuesday-Blitz-April-16-2024"]
[Site "Chess.com"]
[Date "2024.04.16"]
[Round "5"]
[White "Boorchess"]
[Black "Heinza9"]
[Result "1-0"]
[WhiteElo "2507"]
[BlackElo "2318"]
[TimeControl "180+1"]
[EndTime "8:56:48 PDT"]
[Termination "Boorchess won on time"]

1. d4 f5 2. Bf4 Nf6 3. e3 e6 4. Nf3 b6 5. Nbd2 Bb7 6. Bd3 Be7 7. h3 O-O 8. g4 Ne4 9. gxf5 exf5 10. Rg1 Kh8 11.
c3 d6 12. Qc2 d5 13. Bxe4 fxe4 14. Ne5 Nd7 15. O-O-O Bf6 16. Nxd7 Qxd7 17. f3 Rae8 18. Rg3 c5 19. dxc5 bxc5 20. Nxe4 Rxe4 21. fxe4 d4 22. e5 Bd8 23. exd4 Rxf4 24. d5 Qe8 25. Re1 Bxd5 26. Qd2 Re4 27. Rd1 Rxe5 28. Qf2 Bf6 29. Rgd3 Bg8 30. Qg3 Qg6 31. Qxg6 hxg6 32. Rd8 Kh7 33.
Ra8 Re7 34. a3 Bb3 35. Rg1 c4 36. Kb1 g5 37. Ka1 Re2 38. Rb8 Rh2 39. Rb7 Kh6 40. Rxa7 Rxh3 41. Ra6 Rh2 42. Ra8 Kg6 43. a4 Kf5 44. a5 Ke4 45. a6 Kd3 46. a7 Bxc3 47. Rd8+ Bd4 48. Rxd4+ Kxd4 49. a8=Q c3 50. Qa7+ Kd3 51.
Qa6+ Kc2 52. Qg6+ 1-0

[Event "Early-Titled-Tuesday-Blitz-April-16-2024"]
[Site "Chess.com"]
[Date "2024.04.16"]
[Round "5"]
[White "ploxoi"]
[Black "rionelG"]
[Result "1-0"]
[WhiteElo "2417"]
[BlackElo "2206"]
[TimeControl "180+1"]
[EndTime "8:56:48 PDT"]
[Termination "ploxoi won on time"]

1. d4 Nf6 2. c4 g6 3. Nc3 Bg7 4. e4 d6 5. Nf3 O-O 6. Be2 Na6 7.
O-O e5 8. d5 Nc5 9. Qc2 a5 10.
Bg5 h6 11. Be3 b6 12. Nd2 Ne8 13. b3 f5 14. f3 f4 15. Bf2 g5 16. a3 h5 17. b4 Na6 18. Rab1 axb4 19. axb4 g4 20.
Rfc1 g3 21. hxg3 fxg3 22. Bxg3 Qg5 23. Bf2 Bh6 24. Nf1 Rf7 25. Nd1 Rg7 26. Nde3 h4 27. Nh2 Nf6 28. Bf1 Bh3 29. Kh1 Bd7 30. Ra1 Kh7 31. Qd1 Nh5 32. Nhg4 Ng3+ 33. Kg1 Bxg4 34.
Nxg4 Nxb4 35. Rxa8 Qxc1 36. Qxc1 Bxc1 37. Ra4 Nc2 38.
Ra7 Bb2 39. Nf6+ Kg6 40. Ne8 Re7 41. Nxc7 Bd4 42. Nb5 Rxa7 43. Nxa7 Nh5 44. Nc8 h3 45. gxh3 Nf4 46. Nxd6 1-0

[Event "Early-Titled-Tuesday-Blitz-April-16-2024"]
[Site "Chess.com"]
[Date "2024.04.16"]
[Round "5"]
[White "Alen_Yeremyann"]
[Black "frederiksvane"]
[Result "0-1"]
[WhiteElo "2831"]
[BlackElo "3052"]
[TimeControl "180+1"]
[EndTime "8:56:49 PDT"]
[Termination "frederiksvane won by checkmate"]

1. e4 c5 2. Nc3 Nc6 3. Bb5 Nd4 4.
Bc4 e6 5. Nge2 a6 6. a4 Ne7 7. O-O g6 8. d3 Bg7 9. Nxd4 cxd4 10. Ne2 O-O 11. Bb3 d5 12. exd5 Nxd5 13. Nf4 Nxf4 14. Bxf4 Bd7 15. Qf3 Bc6 16. Qg3 Rc8 17. Rac1 Qd7 18.
Rfe1 Bxa4 19. Bc4 b5 20. Ba2 Rxc2 21. Rxc2 Bxc2 22. Rc1 Rc8 23. h4 h5 24. Qh3 a5 25.
Re1 b4 26. Bc4 a4 27. g4 Rxc4 28. dxc4 d3 29. Bd2 a3 30. bxa3 bxa3 31. gxh5 a2 32. hxg6 fxg6 33. Qg2 Qe8 34. h5 a1=Q 35. Rxa1 Bxa1 36.
hxg6 Kg7 37. Qb7+ Kxg6 38. Qe4+ Kg7 39. Qf4 Qg6+ 40. Kf1 Bd1 41. Qc7+ Kg8 42. Qd8+ Kh7 43. Qh4+ Bh5 44. c5 Bf6 45. Qh2 Kg8 46. c6 Be2+ 47.
Ke1 Be5 48. Qh1 Bf3 49. Qf1 Bxc6 50. Be3 Bc3+ 51. Kd1 Ba4+ 52. Kc1 d2+ 53. Bxd2 Qc2# 0-1

[Event "Early-Titled-Tuesday-Blitz-April-16-2024"]
[Site "Chess.com"]
[Date "2024.04.16"]
[Round "5"]
[White "Aminazinas"]
[Black "Chessbard1972"]
[Result "0-1"]
[WhiteElo "2535"]
[BlackElo "2351"]
[TimeControl "180+1"]
[EndTime "8:56:49 PDT"]
[Termination "Chessbard1972 won by resignation"]

1. e4 c5 2. Nc3 a6 3. a4 Nc6 4.
f4 e6 5. Bc4 Nge7 6. d3 d5 7.
Bb3 Rb8 8. Nf3 b5 9. O-O c4 10. Ba2 g6 11. Qe1 Bg7 12. f5 O-O 13. Qh4 exf5 14. exd5 Nxd5 15. Nxd5 Qxd5 16. dxc4 Qc5+ 17.
Kh1 b4 18. Bh6 f6 19. Rad1 Be6 20. Rfe1 Rbe8 21. Be3 Qe7 22. Qf2 Qf7 23. Bc5 Ne7 24. Bxb4 g5 25. Nd4 Ng6 26. Nxe6 Rxe6 27. c5 Rxe1+ 28. Rxe1 Qxa2 29. c6 Rc8 30. Qb6 Qc4 31. Rd1 Qxc6 32. Rd8+ Nf8 33. Qxc6 Rxc6 34. c3 Kf7 35.
Kg1 g4 36. Kf2 Bh6 37. Ke2 Ne6 38. Rd7+ Kg6 39. Kd3 Nf4+ 40. Kd4 Nxg2 41. Kd5 Rc8 42. Ra7 Ne3+ 43. Ke6 Re8+ 44. Kd7 Re4 45. Rxa6 f4 46.
Bd6 f3 47. Bg3 Bf4 48. Bf2 Nd1 49. Bc5 Be3 50. Bxe3 Rxe3 51. Rd6 Nxb2 52. Rb6 Nxa4 53. Rb4 Nxc3 54. Rxg4+ Kf5 55. Rg3 Kf4 56. Rg7 f2 57.
Rxh7 f1=Q 0-1

[Event "Early-Titled-Tuesday-Blitz-April-16-2024"]
[Site "Chess.com"]
[Date "2024.04.16"]
[Round "5"]
[White "Szparu"]
[Black "MokshAD1603"]
[Result "1-0"]
[WhiteElo "2832"]
[BlackElo "2612"]
[TimeControl "180+1"]
[EndTime "8:56:50 PDT"]
[Termination "Szparu won by resignation"]

1. e4 c5 2. Nf3 d6 3. d4 cxd4 4.
Qxd4 Nf6 5. Nc3 Nc6 6. Qd3 g6 7. Nd5 Bg7 8. c3 O-O 9. Bg5 Nd7 10. Qe3 Re8 11. Be2 Nde5 12. O-O Be6 13. Rfd1 Bxd5 14. exd5 Nxf3+ 15. Bxf3 Ne5 16. Be2 Rc8 17. Rd4 Qb6 18.
Rb4 Qxe3 19. Bxe3 b6 20. a4 Rb8 21. Bb5 Red8 22. a5 e6 23. axb6 axb6 24. dxe6 fxe6 25.
h3 d5 26. Be2 Nd7 27. Bg4 Re8 28. Ra7 Nc5 29. Bxc5 bxc5 30. Rxb8 Rxb8 31. Bxe6+ Kh8 32.
Bxd5 Be5 33. Ra8 Rxa8 34. Bxa8 Kg7 35. Kf1 Kf6 36. Ke2 g5 37. Kd3 Ke6 38. Kc4 Kd6 39. Bf3 h6 40. Bg4 Bf4 41. b4 cxb4 42. cxb4 Bd2 43.
b5 Be1 44. f3 Bf2 45. Bf5 Ke5 46. Be4 Kd6 47. Ba8 Ke5 48. Kd3 Kd6 49. Ke4 Ke6 50. Bd5+ Kd6 51. Bc4 Ke7 52. Kf5 Kd6 53. Kg6 Ke5 54.
Kxh6 Kf4 55. Kh5 Be3 56. h4 gxh4 57. Kxh4 Bf2+ 58. Kh3 Bb6 59. Bd5 Ke5 60. Bc6 Kf4 61. g4 Bc7 62. Kh4 Bd8+ 63. Kh5 Ke5 64. g5 Kf5 65. g6 Kf6 66. Kh6 1-0

[Event "Early-Titled-Tuesday-Blitz-April-16-2024"]
[Site "Chess.com"]
[Date "2024.04.16"]
[Round "5"]
[White "zverr1"]
[Black "GothamChess"]
[Result "0-1"]
[WhiteElo "2508"]
[BlackElo "2660"]
[TimeControl "180+1"]
[EndTime "8:56:50 PDT"]
[Termination "GothamChess won on time"]

1. e4 d5 2. exd5 Qxd5 3. Nc3 Qa5 4. d4 Nf6 5. Nf3 Bf5 6. Bd2 e6 7. Bc4 Bb4 8. a3 Bxc3 9. Bxc3 Qb6 10. O-O Nc6 11. Ne5 O-O 12. Nxc6 Qxc6 13. Be2 Be4 14.
f3 Bg6 15. Bd3 Nd5 16. Bxg6 hxg6 17. Qd3 Qb6 18. Bd2 Rad8 19. c4 Ne7 20. Bc3 Nf5 21. Rad1 e5 22. c5 Qc6 23. Qc4 b5 24. d5 Qb7 25.
Qe4 Rfe8 26. Rfe1 f6 27. b4 Qa6 28. Bb2 Qa4 29. Qd3 a5 30. Qc3 Nd4 31. Kh1 axb4 32. axb4 Rxd5 33. Ra1 Qc2 34. Rac1 Qxc3 35. Bxc3 Ra8 36. Bxd4 Rxd4 37. Rb1 Ra4 38. h3 Raxb4 39. Ra1 Ra4 40. Rab1 c6 41. Kh2 g5 42. Rg1 Rd2 43.
Rb3 Rc4 44. Ra3 Rxc5 45. Ra7 Rcc2 46. Rc7 b4 47. h4 gxh4 48. Kh3 b3 49. Ra1 Rxg2 50.
Ra8+ Kh7 51. f4 exf4 52. Kxh4 Rg5 53. Kh3 b2 54. Rcc8 b1=Q 55. Rh8+ Kg6 0-1

[Event "Early-Titled-Tuesday-Blitz-April-16-2024"]
[Site "Chess.com"]
[Date "2024.04.16"]
[Round "5"]
[White "Manukyan_Artak"]
[Black "azikom"]
[Result "1/2-1/2"]
[WhiteElo "2513"]
[BlackElo "2699"]
[TimeControl "180+1"]
[EndTime "8:56:50 PDT"]
[Termination "Game drawn by repetition"]

1. e4 c6 2. d4 d5 3. e5 Bf5 4. c4 e6 5. Nc3 Nd7 6. Qb3 Qb6 7. c5 Qc7 8. f4 f6 9. Nf3 Nh6 10. h3 b6 11. cxb6 axb6 12. Be3 Be7 13. g4 Bg6 14.
exf6 Bxf6 15. Ne5 Bh4+ 16. Bf2 Bxf2+ 17. Kxf2 O-O 18. Kg3 Nxe5 19. dxe5 Rxf4 20. Kxf4 Rf8+ 21. Kg3 Qxe5+ 22. Kg2 d4 23. Rh2 dxc3 24. Qxc3 Be4+ 25. Kg1 Qf4 26. Re1 Bd5 27. Qe3 Qb4 28. Bg2 Nf7 29. Bxd5 exd5 30. Rf2 d4 31. Qe7 Qc4 32. Qe6 Qc5 33. Ref1 d3 34. Kh2 Qd5 35. Qxd5 cxd5 36. Rd1 Ra8 37. Rxd3 Rxa2 38. Rxd5 h6 39. Rb5 Ng5 40.
h4 Ne4 41. Re2 Nf6 42. Kg3 Ra4 43. b4 Ra3+ 44. Kf4 Rh3 45. Rxb6 Nd5+ 46. Kf5 Nxb6 47. Kg6 Kf8 48. Rf2+ Kg8 49. Rd2 Kf8 50. Rf2+ Kg8 51.
Rd2 Kf8 52. Rf2+ 1/2-1/2

[Event "Early-Titled-Tuesday-Blitz-April-16-2024"]
[Site "Chess.com"]
[Date "2024.04.16"]
[Round "5"]
[White "Yonousomodulo"]
[Black "Lily_Schirmbeck"]
[Result "1-0"]
[WhiteElo "2426"]
[BlackElo "1482"]
[TimeControl "180+1"]
[EndTime "8:56:50 PDT"]
[Termination "Yonousomodulo won by resignation"]

1. c4 c5 2. g3 Nc6 3. Bg2 g6 4. Nc3 Bg7 5. a3 Nf6 6. Rb1 a6 7. b4 cxb4 8. axb4 O-O 9. b5 axb5 10. Rxb5 d6 11. Nf3 Ra5 12. Rxa5 Qxa5 13. O-O Be6 14. Qb3 b6 15. d3 Rb8 16. Bd2 Qa6 17. Rb1 Na5 18. Qb5 Qa7 19. Ng5 Bd7 20. Qb2 Qa6 21. h4 Ne8 22. Qa2 h6 23. Nf3 Nc7 24.
Ne1 Nc6 25. Qxa6 Nxa6 26. Nc2 Nc5 27. Nd5 Ne5 28. Nxe7+ Kf8 29. Nd5 Bc6 30. Rxb6 Rxb6 31. Nxb6 Bxg2 32. Kxg2 Nc6 33. Nd5 Nd4 34. Nxd4 Bxd4 35. Bc3 Bxc3 36. Nxc3 Ke7 37. Kf3 Ke6 38.
d4 Nb3 39. Ke3 f5 40. Kd3 g5 41. hxg5 hxg5 42. e3 Na5 43. Nd5 Nc6 44. Kc3 Kd7 45. g4 fxg4 46. Nf6+ Ke6 47. Nxg4 Kf5 48. f3 Ne7 49.
Kd3 Nc6 50. Nf2 Nb4+ 51. Kc3 Nc6 52. Ne4 g4 53. Nxd6+ Ke6 54. Ne4 gxf3 55. Ng5+ Kf5 56. Nxf3 Ke4 57. d5 Na5 58. Kb4 Kxf3 59. Kxa5 Kxe3 60.
Kb6 1-0

[Event "Early-Titled-Tuesday-Blitz-April-16-2024"]
[Site "Chess.com"]
[Date "2024.04.16"]
[Round "5"]
[White "Predator0608"]
[Black "MIss_MIaMI"]
[Result "1-0"]
[WhiteElo "2568"]
[BlackElo "2365"]
[TimeControl "180+1"]
[EndTime "8:56:51 PDT"]
[Termination "Predator0608 won by resignation"]

1. f4 c5 2. Nf3 e6 3. g3 Nc6 4.
Bg2 d5 5. d3 Nf6 6. O-O g6 7. Qe1 Bg7 8. e4 dxe4 9. dxe4 O-O 10. Nc3 Nd4 11. Rf2 Ng4 12. Rd2 Nxf3+ 13. Bxf3 Bd4+ 14.
Kg2 Ne3+ 15. Qxe3 Bxe3 16. Rxd8 Rxd8 17. Bxe3 b6 18. e5 Rb8 19. Nb5 a6 20. Nd6 Bd7 21.
Kf2 Kf8 22. Rd1 Kg7 23. Rd2 f6 24. exf6+ Kxf6 25. Ne4+ Kf7 26. Rd6 h6 27. h4 Bb5 28.
h5 gxh5 29. Bxh5+ Ke7 30. Rd2 Bc4 31. a3 Bd5 32. Nc3 Bc6 33. Bf3 Bd7 34. g4 Rg8 35. Kg3 a5 36. Rh2 Rh8 37. Ne4 Bc6 38. Nd2 Ba4 39.
Be4 Bd7 40. Nf3 Kf6 41. Ne5 Ba4 42. Bd2 Rbg8 43. Bc3 Ke7 44. Ng6+ Rxg6 45. Bxg6 Rg8 46. f5 exf5 47. gxf5 Kd6 48. Rxh6 Kc7 49. Kf4 Bc6 50. Rh7+ Kc8 51. Be5 Bd7 52. Bf7 Rg1 53. Be6 Rf1+ 54. Kg5 Bxe6 55. fxe6 Re1 56. Kf6 Rf1+ 57. Ke7 Kb7 58.
Kd6+ Ka6 59. e7 Rd1+ 60. Ke6 1-0

[Event "Early-Titled-Tuesday-Blitz-April-16-2024"]
[Site "Chess.com"]
[Date "2024.04.16"]
[Round "5"]
[White "Hikaru"]
[Black "BogdanDeac"]
[Result "1-0"]
[WhiteElo "3279"]
[BlackElo "3026"]
[TimeControl "180+1"]
[EndTime "8:56:52 PDT"]
[Termination "Hikaru won by resignation"]

1. d4 Nf6 2. Bg5 d5 3. e3 c5 4.
Bxf6 gxf6 5. dxc5 e6 6. a3 Bxc5 7. Nf3 f5 8. Nbd2 b6 9. Bb5+ Bd7 10. Bxd7+ Nxd7 11. c4 Nf6 12. b4 Be7 13. Qe2 O-O 14.
O-O Rc8 15. Rfd1 Qc7 16. Rac1 Rfd8 17. Qf1 dxc4 18. Rxc4 Qb7 19. Nd4 a5 20. Rdc1 Rxc4 21. Qxc4 axb4 22. axb4 b5 23. Qb3 Nd5 24. Nc6 Rc8 25. Nxe7+ Nxe7 26. Rd1 Nd5 27. Nf3 Qe7 28. Nd4 Qxb4 29. Qxb4 Nxb4 30. Nxb5 Rb8 31. Nd4 Rc8 32. g3 Kg7 33. Rb1 Nc6 34. Nf3 Rb8 35. Rc1 Rb6 36. Rd1 Rb7 37. Rc1 Rb6 38. Kg2 Kf6 39. Rc5 h6 40. h3 Ra6 41. Rb5 Ra7 42. g4 fxg4 43. hxg4 Ne7 44. Nd2 Ng6 45. Kg3 Kg7 46.
Ne4 Ne7 47. Nd6 Nd5 48. Rb8 Re7 49. e4 Nf6 50. e5 Nd5 51. f4 Ra7 52. f5 Ra3+ 53.
Kf2 Ra2+ 54. Ke1 Rg2 55. Rb7 exf5 56. gxf5 Kg8 57. Rxf7 Ne3 58. e6 Nc2+ 59. Kd1 Ne3+ 60. Kc1 1-0

[Event "Early-Titled-Tuesday-Blitz-April-16-2024"]
[Site "Chess.com"]
[Date "2024.04.16"]
[Round "5"]
[White "MyDream003"]
[Black "lioni26"]
[Result "1-0"]
[WhiteElo "2801"]
[BlackElo "2553"]
[TimeControl "180+1"]
[EndTime "8:56:52 PDT"]
[Termination "MyDream003 won by checkmate"]

1. e4 e5 2. Nf3 Nc6 3. Bb5 a6 4. Ba4 d6 5. c3 Bd7 6. O-O g6 7. d4 Bg7 8. h3 Nf6 9. Re1 O-O 10. Bg5 h6 11. Bh4 Qe8 12. Bc2 Kh8 13. Nbd2 b5 14. Nf1 Nh5 15. Ne3 Nd8 16. a4 Ne6 17. axb5 axb5 18.
Rxa8 Qxa8 19. dxe5 Qa6 20. exd6 cxd6 21. Be7 Re8 22.
Bxd6 Bc6 23. Ne5 Kg8 24. Nxc6 Qxc6 25. Qd5 Qb6 26. e5 Rd8 27. Rd1 b4 28. cxb4 Nhf4 29. Qa5 Qc6 30. b5 Qb7 31. Qa6 Qd7 32. Qc6 Qa7 33. b6 Qa6 34. Kh1 Qe2 35. Qf3 Qb5 36. b7 g5 37. b8=Q Rxb8 38. Bxb8 Qxb8 39. Ng4 Qxb2 40.
Bf5 Nd4 41. Qa8+ Bf8 42. Qe4 Nde2 43. e6 Qb3 44. exf7+ Kg7 45. Qe5+ Kxf7 46. Rd7+ Kg8 47. Bh7# 1-0

[Event "Early-Titled-Tuesday-Blitz-April-16-2024"]
[Site "Chess.com"]
[Date "2024.04.16"]
[Round "5"]
[White "Zohid6"]
[Black "Zavgorodniy_Sergiy"]
[Result "1-0"]
[WhiteElo "2942"]
[BlackElo "2608"]
[TimeControl "180+1"]
[EndTime "8:56:52 PDT"]
[Termination "Zohid6 won by checkmate"]

1. e4 c6 2. d4 d5 3. e5 Bf5 4. Nf3 e6 5. Be2 Nd7 6. O-O a6 7. Be3 h6 8. Nbd2 c5 9. c4 dxc4 10. Nxc4 Rc8 11. dxc5 Nxc5 12. Rc1 Be4 13. Nd6+ Bxd6 14.
exd6 Nd7 15. Rxc8 Qxc8 16. Qc1 Qd8 17. Qc7 Ngf6 18. Qxd8+ Kxd8 19. Rc1 Nd5 20. Bd2 Bxf3 21. Bxf3 N7f6 22. Bc3 Kd7 23. Bxf6 Nxf6 24. Bxb7 a5 25. Rc7+ Kxd6 26. Rxf7 Ke5 27. Kf1 g5 28. Ke2 Rd8 29. Ba6 a4 30. f3 Nd5 31. g3 Nb4 32. Bc4 Rc8 33. b3 Nxa2 34. f4+ gxf4 35. gxf4+ Kd4 36. Bxe6 Rc2+ 37. Kf3 axb3 38. Rb7 Rc3+ 39. Kg4 Nc1 40. f5 Ke5 41. Kh5 Rh3+ 42. Kg6 Rxh2 43. Rb5+ Kd6 44.
Bxb3 Rg2+ 45. Kf7 Ne2 46. Rd5+ Kc7 47. Rd2 Nf4 48. Rxg2 Nxg2 49. f6 Ne3 50. Ke6 Ng2 51. f7 Nf4+ 52. Kf5 Ne6 53. Bxe6 h5 54. f8=Q Kb6 55. Qb4+ Ka7 56. Bc8 Ka8 57. Qb7# 1-0

[Event "Early-Titled-Tuesday-Blitz-April-16-2024"]
[Site "Chess.com"]
[Date "2024.04.16"]
[Round "5"]
[White "chess123456s"]
[Black "Hudijegszid"]
[Result "1-0"]
[WhiteElo "2606"]
[BlackElo "2456"]
[TimeControl "180+1"]
[EndTime "8:56:52 PDT"]
[Termination "chess123456s won by resignation"]

1. e4 c6 2. d4 d5 3. exd5 cxd5 4. Bd3 Nc6 5. c3 Nf6 6. Bf4 Bg4 7. Qb3 Qd7 8. Nd2 e6 9. Ngf3 Bd6 10. Bxd6 Qxd6 11. O-O O-O 12. Rae1 Bxf3 13. Nxf3 b5 14. Bxb5 Rfb8 15.
Qa4 Ne7 16. Re2 a6 17. Bd3 Rb6 18. b4 Ng6 19. Bxg6 hxg6 20. Ne5 Ne4 21. Rxe4 dxe4 22. Nc4 Qc6 23. Nxb6 Qxb6 24. Re1 f5 25. Qb3 Rc8 26.
h3 Kf7 27. d5 exd5 28. Qxd5+ Qe6 29. Qd4 Rc4 30. Qa7+ Kf6 31. Rc1 Qc6 32. Qe3 g5 33. g3 Qd6 34. Qe2 Qc6 35. Qd2 Qc7 36. Qd5 f4 37. g4 e3 38. Qf5+ Ke7 39. Qxg5+ Kf8 40. fxe3 fxe3 41. Qxe3 Kg8 42. a4 Rf4 43. Re1 Rf8 44.
b5 axb5 45. axb5 Kh8 46. b6 Qc6 47. Re2 Rb8 48. Rb2 Re8 49. Qf2 Qxc3 50. b7 Re1+ 51. Kg2 Qc6+ 52. Qf3 Rg1+ 53. Kxg1 Qxf3 54. b8=Q+ Kh7 55. Qb3 Qc6 56. Qc2+ Qxc2 57. Rxc2 1-0

[Event "Early-Titled-Tuesday-Blitz-April-16-2024"]
[Site "Chess.com"]
[Date "2024.04.16"]
[Round "5"]
[White "NikitaShnadrygin"]
[Black "SpeedofLight0"]
[Result "0-1"]
[WhiteElo "2735"]
[BlackElo "3078"]
[TimeControl "180+1"]
[EndTime "8:56:53 PDT"]
[Termination "SpeedofLight0 won by resignation"]

1. e4 Nc6 2. Nf3 d6 3. d4 Nf6 4. Nc3 g6 5. h3 Bg7 6. Bb5 a6 7. Bxc6+ bxc6 8. O-O O-O 9. e5 Nd7 10. Qe2 Nb6 11. Re1 a5 12. Bg5 f6 13. exf6 exf6 14.
Bh4 Qd7 15. a4 Ba6 16. Qd2 g5 17. Bg3 h5 18. b3 Rf7 19. Ne4 Bb7 20. c4 Qf5 21. c5 d5 22. Nexg5 fxg5 23. cxb6 cxb6 24. Be5 g4 25. Nh4 Qh7 26. Qg5 Qh6 27. Qg6 Qxg6 28. Nxg6 Bh6 29. hxg4 hxg4 30. Bg3 Kh7 31. Re6 c5 32. Ne5 Rg7 33. Kh2 cxd4 34. Rh1 Bg5 35. Kg1+ Kg8 36. Rxb6 Rc8 37. Rh5 Rc1+ 38. Kh2 Bc8 39. Rb8 Rh7 40. Rxh7 Kxh7 41. Rb5 Be6 42. Rxa5 Rc3 43. Ra7+ Kg8 44. Ra8+ Kg7 45. Re8 Kf6 46. f3 gxf3 47. Nxf3 Be3 48. Bh4+ Kf5 49. Rf8+ Ke4 50. Re8 Kf5 51. Rf8+ Kg4 52. Rf6 Bf4+ 53. Bg3 Bxg3+ 54. Kg1 Rc1+ 0-1

[Event "Early-Titled-Tuesday-Blitz-April-16-2024"]
[Site "Chess.com"]
[Date "2024.04.16"]
[Round "5"]
[White "Ariadna_Atreides"]
[Black "ExchangeAB"]
[Result "1-0"]
[WhiteElo "2207"]
[BlackElo "2422"]
[TimeControl "180+1"]
[EndTime "8:56:55 PDT"]
[Termination "Ariadna_Atreides won by resignation"]

1. d4 d5 2. Nf3 Nf6 3. e3 c5 4. b3 cxd4 5. exd4 Nc6 6. h3 Bf5 7. Bd3 Bxd3 8. Qxd3 e6 9. O-O h6 10. Bf4 Bd6 11. Ne5 Rc8 12. a3 Bxe5 13. Bxe5 O-O 14. Re1 Ne4 15. Bf4 g5 16. f3 Nf6 17.
Be5 Nd7 18. Bd6 Re8 19. Nd2 Qf6 20. c3 Nf8 21. Bxf8 Rxf8 22. Nf1 Ne7 23. Ng3 Qg6 24. Qd2 Nf5 25. Nxf5 Qxf5 26. Re5 Qg6 27. Rc1 Rc6 28. f4 f6 29. Re2 Rfc8 30. fxg5 fxg5 31. Rce1 a6 32.
Re3 b5 33. Qe2 Re8 34. a4 bxa4 35. bxa4 Rb6 36. a5 Rb5 37. c4 Rxa5 38. cxd5 Rxd5 39. Qxa6 Kf7 40. Rf1+ Kg8 41. Rfe1 Kf7 42. Rf1+ Kg7 43. Rfe1 Rxd4 44. Qa7+ Rd7 45. Qxd7+ Kh8 46. Rxe6 Rxe6 47. Qxe6 Qc2 48. Qe8+ Kg7 49. Qe7+ Kg6 50. Qe4+ Qxe4 51.
Rxe4 Kf5 52. Re3 h5 53. Kf2 Kf4 54. Ra3 h4 55. Ra4+ Ke5 56. Kf3 Kf5 57. Ra5+ Kf6 58. Kg4 1-0

[Event "Early-Titled-Tuesday-Blitz-April-16-2024"]
[Site "Chess.com"]
[Date "2024.04.16"]
[Round "5"]
[White "El_Matador12"]
[Black "kripri"]
[Result "0-1"]
[WhiteElo "2542"]
[BlackElo "2352"]
[TimeControl "180+1"]
[EndTime "8:56:55 PDT"]
[Termination "kripri won on time"]

1. d4 Nf6 2. Bg5 e6 3. Nd2 d5 4. e3 Be7 5. Bd3 O-O 6. f4 h6 7. Bh4 c5 8. c3 b6 9. Ngf3 Ba6 10. Qe2 Bxd3 11. Qxd3 Nc6 12. O-O Ng4 13. Bxe7 Qxe7 14. h3 Nf6 15. Ne5 Rac8 16. Rae1 Rfd8 17. g4 Nd7 18. Kg2 Nf8 19. Ndf3 Qc7 20. f5 Nxe5 21. dxe5 Nd7 22. f6 Nxe5 23. Nxe5 Qxe5 24. fxg7 Kxg7 25. Rf4 Rd7 26. Ref1 Rcd8 27. Qe2 d4 28. cxd4 cxd4 29. Qf3 Rf8 30. exd4 Qd5 31. Re4 Rfd8 32. Qf6+ Kh7 33.
Rf4 Rc8 34. Kg3 Rc2 35. Re5 Qc4 36. Rh5 Qd3+ 37. Kh4 Qg6 38. Qxg6+ fxg6 39. Rb5 g5+ 40. Rxg5 hxg5+ 41. Kxg5 Rxb2 42. h4 Rxa2 43. h5 Ra5+ 44.
Kf6 Rad5 45. g5 Rxd4 46. g6+ Kg8 47. Rf1 Rd8 0-1

[Event "Early-Titled-Tuesday-Blitz-April-16-2024"]
[Site "Chess.com"]
[Date "2024.04.16"]
[Round "5"]
[White "ilqar_74"]
[Black "TERMINATOR_PC"]
[Result "0-1"]
[WhiteElo "2778"]
[BlackElo "2603"]
[TimeControl "180+1"]
[EndTime "8:56:57 PDT"]
[Termination "TERMINATOR_PC won by resignation"]

1. e4 e5 2. Nf3 Nc6 3. Bb5 g6 4. c3 Bg7 5. d4 a6 6. Ba4 exd4 7. cxd4 b5 8. Bc2 d6 9. h3 Nge7 10. O-O O-O 11. a4 Bb7 12. Nc3 b4 13. Ne2 Na5 14.
b3 c5 15. Rb1 cxd4 16. Nexd4 Rc8 17. Bb2 Re8 18. Qd2 d5 19. e5 Nec6 20. Nxc6 Nxc6 21.
Rfe1 d4 22. Be4 Qd7 23. Bxc6 Bxc6 24. Qxd4 Qf5 25. Nh4 Qg5 26. Qg4 Qxg4 27. hxg4 Bd5 28. Bd4 Be6 29. g5 Red8 30. Red1 Rd5 31. Be3 Rxd1+ 32.
Rxd1 Bxb3 33. Rb1 Bxa4 34. Rxb4 Bc6 35. f4 a5 36. Rb6 a4 37. Ra6 Bf8 38. Nf3 a3 39.
Nd4 Bd5 40. Nb5 a2 41. Bd4 Bc4 42. e6 Bxb5 43. exf7+ Kxf7 44. Ra7+ Ke6 45. Rxa2 Bc4 46. Ra7 Kd5 47. Rd7+ Bd6 48. Be5 Rc6 49. Bxd6 Rxd6 50. Rxh7 Ke4 51. Rh4 Kf5 52. Kf2 Rd2+ 53. Kg1 Bd5 54.
Rh2 Kxf4 55. g3+ Ke3 56. Rxd2 Kxd2 57. Kf2 Kd3 58. g4 Ke4 59. Kg3 Be6 60. Kh3 Kf4 61. Kh4 Bf7 0-1

[Event "Early-Titled-Tuesday-Blitz-April-16-2024"]
[Site "Chess.com"]
[Date "2024.04.16"]
[Round "5"]
[White "RandomNoob04"]
[Black "becemix"]
[Result "1-0"]
[WhiteElo "2660"]
[BlackElo "2491"]
[TimeControl "180+1"]
[EndTime "8:56:57 PDT"]
[Termination "RandomNoob04 won by checkmate"]

1. e4 e5 2. d4 exd4 3. Qxd4 Nc6 4. Qe3 g6 5. Nc3 Bg7 6. h4 Nf6 7. h5 Nxh5 8. Be2 Nf6 9. e5 Ng8 10. Nf3 h6 11. Bd2 Nge7 12. O-O-O d5 13. exd6 cxd6 14. Nd5 Be6 15. Bc3 Nxd5 16. Rxd5 Bxc3 17. Qxc3 Bxd5 18. Qxh8+ Kd7 19. Qxh6 Kc7 20. Rd1 Bxf3 21. Bxf3 Qf6 22. Qe3 Qe5 23. Qb3 Qf4+ 24. Kb1 Re8 25. a3 g5 26. g3 Qf5 27. Rd5 Re1+ 28. Ka2 Re5 29. Rd3 Rb5 30. Qc4 Rc5 31. Qb3 Qf6 32.
Bxc6 bxc6 33. Rf3 Rf5 34. Rc3 Qe6 35. Rc4 Rf3 36. Qxf3 Qxc4+ 37. Qb3 Qxb3+ 38. Kxb3 c5 39. Kc4 Kc6 40. Kd3 d5 41. c4 d4 42. b4 a6 43.
bxc5 Kxc5 44. g4 f6 45. f3 a5 46. a4 Kb4 47. Kxd4 Kxa4 48. Kc3 Ka3 49. c5 Ka2 50. c6 a4 51. c7 Kb1 52. c8=Q a3 53. Qb7+ Ka2 54. Kc2 Ka1 55. Qb1# 1-0

[Event "Early-Titled-Tuesday-Blitz-April-16-2024"]
[Site "Chess.com"]
[Date "2024.04.16"]
[Round "5"]
[White "AndrewB92"]
[Black "RebelJohnny"]
[Result "0-1"]
[WhiteElo "2460"]
[BlackElo "2615"]
[TimeControl "180+1"]
[EndTime "8:57:00 PDT"]
[Termination "RebelJohnny won by resignation"]

1. d4 d5 2. c4 dxc4 3. e3 e5 4. Bxc4 exd4 5. Nf3 Bb4+ 6. Bd2 Bxd2+ 7. Qxd2 Nf6 8. Qxd4 O-O 9. Qxd8 Rxd8 10. Nc3 c6 11. Ng5 Rf8 12. O-O-O b5 13. Bb3 Nbd7 14. Rd6 Bb7 15.
Rhd1 Nc5 16. Bxf7+ Rxf7 17. Nxf7 Kxf7 18. b4 Na6 19.
Rd7+ Nxd7 20. Rxd7+ Kg6 21. Rxb7 Nxb4 22. Rd7 Rf8 23. f4 Rf7 24. Rd4 a5 25. a3 Na6 26.
g4 Nc5 27. Kc2 Rd7 28. Ne2 Kf6 29. g5+ Kf5 30. Rxd7 Nxd7 31. Nd4+ Ke4 32. Nxc6 Kxe3 33. Ne5 Nf8 34. f5 Kf4 35. f6 gxf6 36. Nc6 fxg5 37. Nxa5 Ne6 38. Nb3 Kf3 39. Kd2 Kg2 40. Ke3 Kxh2 41.
Kf3 h5 42. Nd2 g4+ 43. Kf2 Kh3 44. Kg1 h4 45. Ne4 g3 46. Nd2 Kg4 47. Ne4 Nf4 48. Nf6+ Kf3 49. Nd7 Ne2+ 50. Kf1 g2+ 0-1

[Event "Early-Titled-Tuesday-Blitz-April-16-2024"]
[Site "Chess.com"]
[Date "2024.04.16"]
[Round "5"]
[White "osielchesslover2011"]
[Black "bylavochka"]
[Result "0-1"]
[WhiteElo "2083"]
[BlackElo "2363"]
[TimeControl "180+1"]
[EndTime "8:57:01 PDT"]
[Termination "bylavochka won by checkmate"]

1. e4 c5 2. Nf3 d6 3. d4 cxd4 4. Nxd4 Nf6 5. Nc3 g6 6. Be3 Bg7 7. f3 Nc6 8. Qd2 O-O 9. Bc4 Bd7 10. h4 Qa5 11. Bb3 Rfc8 12. O-O-O Ne5 13. h5 Nc4 14.
Bxc4 Rxc4 15. hxg6 fxg6 16. Bh6 Bh8 17. Kb1 Rac8 18.
Nb3 Qc7 19. Nd5 Qd8 20. e5 Bf5 21. exf6 Rxc2 22. Nxe7+ Qxe7 23. Qd5+ Qf7 24. Qxf7+ Kxf7 25. Ka1 Bxf6 26. Nd4 Rxg2 27. Nxf5 Bxb2+ 28. Kb1 gxf5 29. Bf4 Be5 30. Bxe5 dxe5 31. Rxh7+ Ke6 32. Rxb7 Rcc2 33. Rxa7 Rb2+ 34. Ka1 e4 35. Ra6+ Ke5 36. fxe4 fxe4 37. Ra5+ Kf4 38. Ra4 Kf3 39. Re1 e3 40. Ra3 Kf2 41.
Rexe3 Rg1+ 42. Kxb2 Rg2 43. Reb3 Ke1+ 44. Kc3 Kd1 45.
Kb4 Rc2 46. Ka4 Rc4+ 47. Rb4 Rc7 48. Ka5 Ra7+ 49. Kb5 Rxa3 50. Rb2 Kc1 51. Kb4 Kxb2 52. Kb5 Rxa2 53. Kb4 Ra1 54. Kb5 Rc1 55. Kb4 Rc3 56.
Kb5 Kb3 57. Ka5 Rc4 58. Kb5 Rc3 59. Ka5 Rc5+ 60. Kb6 Kb4 61. Ka6 Rb5 62. Ka7 Kc5 63. Ka6 Kc6 64. Ka7 Kc7 65. Ka6 Rc5 66. Ka7 Ra5# 0-1